 Dungeon Crawl Stone Soup version 0.28.0-43-g3370ac3207 (webtiles) character file.

Game seed: 11221509825104552241

9000 sanboga the Cleaver (level 11, -1/106 HPs)
             Began as a Gargoyle Fighter on Feb 24, 2022.
             Was a Believer of Trog.
             Slain by a red ugly thing (19 damage)
             ... on level 10 of the Dungeon on Mar 1, 2022.
             The game lasted 00:20:58 (14140 turns).

sanboga the Cleaver (Gargoyle Fighter)             Turns: 14140, Time: 00:20:59

Health: -1/106     AC: 22    Str: 24    XL:     11   Next: 39%
Magic:  11/11      EV:  7    Int:  9    God:    Trog [**....]
Gold:   445        SH:  6    Dex:  9    Spells: 10/10 levels left

rFire   . . .      SeeInvis .   a - +0 war axe
rCold   . . .      Faith    .   c - +0 buckler
rNeg    + . .      Spirit   .   i - +0 plate armour
rPois   ∞          Reflect  .   (no helmet)
rElec   +          Harm     .   e - scarf {shadows}
rCorr   .          Rampage  .   (no gloves)
Will    .....                   (no boots)
Stlth   ..........              (no amulet)
HPRegen 0.27/turn               (no ring)
MPRegen 0.12/turn               (no ring)

@: berserking, very quick
A: sickness immunity, AC +8, negative energy resistance 1, electricity
resistance, torment resistance 1, petrification resistance
a: Renounce Religion, Berserk, Trog's Hand


You were on level 10 of the Dungeon.
You worshipped Trog.
Trog was pleased with you.
You visited 2 branches of the dungeon, and saw 11 of its levels.

You collected 481 gold pieces.
You spent 36 gold pieces at shops.

Inventory:

Hand Weapons
 a - a +0 war axe (weapon)
 k - a +1 whip of flaming
Armour
 c - a +0 buckler (worn)
 e - a scarf of shadows (worn)
 i - a +0 plate armour (worn)
Wands
 d - a wand of acid (2)
 s - a wand of flame (3)
Scrolls
 b - a scroll of immolation {unknown}
 g - a scroll of brand weapon
 j - a scroll of enchant weapon
 l - 3 scrolls of teleportation
 m - a scroll of noise {unknown}
 n - 2 scrolls of acquirement {unknown}
 o - a scroll of silence {unknown}
 p - a scroll of fear
 t - a scroll of magic mapping
Potions
 f - 2 potions of cancellation
 h - a potion of curing
 q - a potion of mutation {unknown}
 r - a potion of attraction {unknown}
 u - a potion of magic {unknown}


   Skills:
 + Level 9.3 Fighting
 * Level 10.4 Axes
 + Level 9.2 Armour
 + Level 9.2 Shields


You had 10 spell levels left.
You didn't know any spells.
Your spell library contained the following spells:

 Spells                   Type           Power      Damage    Failure   Level
 Slow                     Hex            0%         N/A       99%         1
 Ensorcelled Hibernation  Hex/Ice        0%         N/A       100%        2
 Passwall                 Tmut/Erth      0%         N/A       100%        2
 Confusing Touch          Hex            0%         N/A       100%        3
 Inner Flame              Hex/Fire       0%         N/A       100%        3
 Swiftness                Air            0%         N/A       100%        3
 Vampiric Draining        Necr           0%         2d6       100%        3
 Cause Fear               Hex            0%         N/A       100%        4
 Yara's Violent Unravell  Hex/Tmut       0%         3d3       100%        5
 Enfeeble                 Hex            0%         N/A       100%        7
 Discord                  Hex            0%         N/A       100%        8


Dungeon Overview and Level Annotations

Branches:
Dungeon (10/15)            Temple (1/1) D:7            Lair (0/6) D:9
    Orc (0/2) D:9

Altars:
Ashenzari
Cheibriados
Dithmenos
Elyvilon
Fedhas
Gozag
Hepliaklqana
Kikubaaqudgha
Makhleb
Nemelex Xobeh
Okawaru
Qazlal
Ru
Sif Muna
Trog
Uskayaw
Vehumet
Wu Jian
Xom
Yredelemnul
Zin
The Shining One

Shops:
D:6 *   D:7 (

Annotations:
D:7 1 runed translucent door, Icepheonix32's ghost, novice DsFE


Innate Abilities, Weirdness & Mutations

You are immune to sickness and miasma.
Your stone body is resilient. (AC +8)
You are immune to poison.
You resist negative energy. (rN+)
You are resistant to electric shocks. (rElec)
You are resistant to unholy torment.
You are immune to petrification.


Message History

You climb downwards.
The red ugly thing gurgles horribly!
The howler monkey hits you but does no damage.
The howler monkey barely misses you. The red ugly thing kicks you!
You are engulfed in flames!
There is a stone staircase leading up here.
You slash the red ugly thing!
The red ugly thing is lightly wounded.
You barely miss the howler monkey. The howler monkey barely misses you.
You block the red ugly thing's attack.
You hit the red ugly thing.
The red ugly thing is lightly wounded.
You closely miss the howler monkey.
The howler monkey hits you but does no damage.
The red ugly thing kicks you!
You are engulfed in flames!!
* * * LOW HITPOINT WARNING * * *
You are too injured to fight recklessly!
You feel better. The howler monkey barely misses you.
The howler monkey hits you.
The red ugly thing kicks you but does no damage.
A red film seems to cover your vision as you go berserk!
You feel yourself moving faster!
You feel mighty!
The howler monkey hits you but does no damage.
The red ugly thing kicks you but does no damage.
You hit the red ugly thing.
The red ugly thing is moderately wounded.
You slash the howler monkey!
The howler monkey hoots and howls with incredible vigour!
You hit the red ugly thing but do no damage.
The red ugly thing is moderately wounded.
You hit the howler monkey. The red ugly thing kicks you.
You are engulfed in flames!
* * * LOW HITPOINT WARNING * * *
You hit the red ugly thing but do no damage.
The red ugly thing is moderately wounded.
You completely miss the howler monkey. You block the howler monkey's attack.
The red ugly thing kicks you.
* * * LOW HITPOINT WARNING * * *
You are engulfed in flames!!
You die...

...##.............
..................
.#####.>...............
.# #.................
######.................
.......................
.......................
...............hu......
........>.......@......
.......................
.......................
.......................
...?...................
.......................
#######################


You could see a red ugly thing and a howler monkey (catching breath).

Vanquished Creatures
  Pikel (D:6)
  Maggie (D:8)
  A kobold demonologist (D:8)
  Sigmund (D:2)
  A fire bat (D:9)
  2 wyverns
  15 yaks
  A steam dragon (D:7)
  A naga (shapeshifter) (D:9)
  A vampire mosquito (D:9)
  5 wargs (D:9)
  A water moccasin (D:7)
  2 acid dragons
  2 orc warriors
  A hornet zombie (D:8)
  A black bear (D:6)
  An ice beast (D:6)
  4 ogres
  3 centaurs
  4 kobold brigands
  4 lemures (D:7)
  A bullfrog (D:8)
  A gnoll sergeant (D:9)
  3 scorpions
  A wyvern skeleton (D:3)
  A water moccasin skeleton (D:5)
  7 killer bees
  8 howler monkeys
  3 centaur zombies
  2 bullfrog zombies (D:6)
  6 orc priests
  3 hounds
  A centaur skeleton (D:6)
  3 jellies
  A bullfrog skeleton (D:4)
  3 iguanas
  Natasha (thrice) (D:2)
  11 orc wizards
  A scorpion zombie (D:5)
  2 killer bee zombies
  A hound skeleton (D:4)
  A howler monkey zombie (D:9)
  8 gnolls
  9 adders
  A shadow imp (D:7)
  3 white imps
  An ufetubus (D:5)
  A worm (D:5)
  A dart slug (D:4)
  39 orcs
  3 ball pythons
  8 endoplasms
  A giant cockroach (D:4)
  9 goblins
  2 hobgoblins
  2 jackals (D:1)
  23 kobolds
  2 quokkas
  3 training dummies (D:7)
  3 bats
  4 frilled lizards
  A quokka skeleton (D:4)
  5 rats
  A spectral orc (D:8)
246 creatures vanquished.

Vanquished Creatures (others)
  An orc (D:9)
  39 plants
40 creatures vanquished.

Grand Total: 286 creatures vanquished

Notes
Turn   | Place    | Note
-------+----------+-------------------------------------------
     0 | D:1      | sanboga the Gargoyle Fighter began the quest for the Orb.
     0 | D:1      | Reached XP level 1. HP: 14/14 MP: 1/1
    36 | D:1      | Reached skill level 2 in Axes
   286 | D:1      | Reached XP level 2. HP: 15/19 MP: 2/2
  1068 | D:2      | Reached XP level 3. HP: 19/23 MP: 3/3
  1143 | D:2      | Noticed Sigmund
  1174 | D:2      | Killed Sigmund
  1175 | D:2      | Reached skill level 3 in Axes
  1175 | D:2      | Reached XP level 4. HP: 13/29 MP: 4/4
  1175 | D:2      | Reached XP level 5. HP: 15/33 MP: 5/5
  1527 | D:2      | Found a hazy altar of Hepliaklqana.
  1545 | D:2      | Reached XP level 6. HP: 37/38 MP: 6/6
  2001 | D:2      | Noticed Natasha
  2006 | D:2      | Killed Natasha
  2478 | D:2      | Noticed Natasha
  2483 | D:2      | Killed Natasha
  2484 | D:2      | Reached skill level 4 in Axes
  2670 | D:2      | Noticed Natasha
  2676 | D:2      | Killed Natasha
  3188 | D:3      | Found a faded altar of an unknown god.
  3663 | D:4      | Reached XP level 7. HP: 33/44 MP: 7/7
  3902 | D:4      | Reached skill level 5 in Fighting
  4017 | D:4      | Reached skill level 5 in Armour
  4457 | D:5      | Entered Level 5 of the Dungeon
  4516 | D:5      | Reached skill level 5 in Shields
  4776 | D:4      | Reached skill level 5 in Axes
  5047 | D:5      | Reached XP level 8. HP: 23/49 MP: 8/8
  5196 | D:5      | Upgraded the game from 0.28.0-1-gb440e238dd to
                  | 0.28.0-43-g3370ac3207
  6275 | D:6      | Reached skill level 6 in Axes
  7013 | D:6      | Reached XP level 9. HP: 50/56 MP: 9/9
  7127 | D:6      | Found Lmoxy's Luxury Loot.
  7141 | D:6      | Bought a potion of lignification for 36 gold pieces
  7225 | D:6      | Reached skill level 7 in Axes
  7479 | D:7      | Noticed Pikel
  7711 | D:6      | Killed Pikel
  7987 | D:7      | Found a staircase to the Ecumenical Temple.
  8006 | Temple   | Entered the Ecumenical Temple
  8050 | Temple   | Became a worshipper of Trog the Wrathful
  8545 | D:7      | Found Nuashruff's Firing Range.
  8564 | D:7      | Reached skill level 8 in Axes
  9103 | D:7      | Found a runed translucent door.
  9239 | D:7      | Noticed Icepheonix32's ghost (novice DsFE)
  9290 | D:8      | Reached XP level 10. HP: 62/63 MP: 10/10
  9356 | D:8      | Reached * piety under Trog
  9967 | D:8      | Found a basalt altar of Yredelemnul.
 10104 | D:8      | Noticed Maggie
 10889 | D:8      | Killed Maggie
 10890 | D:8      | Reached skill level 9 in Axes
 11029 | D:9      | Noticed a kobold demonologist
 11048 | D:9      | Noticed a sixfirhy
 11134 | D:8      | Killed a kobold demonologist
 11147 | D:9      | Noticed Maurice
 11367 | D:9      | Noticed Maurice
 11377 | D:9      | Killed Maurice the fire bat
 11690 | D:9      | Reached ** piety under Trog
 11941 | D:9      | Found a staircase to the Orcish Mines.
 12162 | D:8      | Reached XP level 11. HP: 57/69 MP: 11/11
 12351 | D:9      | Reached skill level 10 in Axes
 12495 | D:9      | Found a staircase to the Lair.
 13340 | D:9      | Noticed Psyche
 13342 | D:9      | Noticed Psyche
 13342 | D:9      | Psyche changed into Psyche the warg
 13349 | D:9      | Killed Psyche the warg
 13425 | D:10     | Entered Level 10 of the Dungeon
 13902 | D:10     | Noticed a red ugly thing
 14140 | D:10     | Slain by a red ugly thing

Illustrated notes

Levels and vault maps discovered:
D:1:      amcnicky_arrival_flooded_fountain, layout_basic
D:2:      layout_basic, basic_altar, uniq_natasha, uniq_sigmund
D:3:      layout_loops_ring, hellmonk_ecumenical_altar_zigzags
D:4:      layout_cave_pools, minmay_misc_feat_columns, minmay_parallelograms,
          hex_medium
D:5:      layout_loops_cross, serial_bayou_lake_a
D:6:      minmay_evil_eye, layout_cave_pools, nicolae_alphabet_shops,
          serial_bayou_lagoon_a, grunt_ministairs_2, glass_columns_b,
          nicolae_figureground_sparkle
D:7:      layout_loops_cross, minmay_temple_entry_grid,
          ebering_ghost_reflecting_pool, nicolae_shop_firing_range, uniq_pikel
D:8:      layout_loops_ring, yredelemnul_forgotten_temple_becter, uniq_maggie
D:9:      layout_stronghold, erik_lair_orcish_takeover, erik_orc_4, uniq_psyche,
          uniq_maurice
D:10:     minmay_ornate_pinched, layout_long_grid
Temple:   regret_index_temple_sigil_plot

Skill      XL: |  1  2  3  4  5  6  7  8  9 10 11 |
---------------+----------------------------------+-----
Axes           | 2 3 4 5 6 8 9 10 | 10.4
Fighting       | 4 5 6 7 8 9 |  9.3
Armour         | 4 5 6 7 8 9 |  9.2
Shields        | 4 5 6 7 8 9 |  9.2

Action                   |  1- 3 |  4- 6 |  7- 9 | 10-12 || total
-------------------------+-------+-------+-------+-------++-------
Melee: War axe           |    60 |   113 |   412 |   454 ||  1039
Invok: Berserk           |       |       |       |     1 ||     1
Evoke: Wand              |       |       |       |     3 ||     3
  Use: Scroll            |     3 |     2 |     7 |     2 ||    14
       Potion            |     1 |     2 |     3 |     2 ||     8
Armor: Scale mail        |    42 |    65 |       |       ||   107
       Plate armour      |       |     7 |   339 |   418 ||   764
Dodge: Dodged            |    41 |    50 |   143 |   162 ||   396
Block: Buckler           |     7 |    30 |    99 |   132 ||   268
